Unix NetHack Version 5.0.0-0 post-release - last build Jun 10 2026 00:39:30 (3ee93aec679c4c4259841fe613dc97188e26a321,branch:main).

Game began 2026-06-10 00:50:17, ended 2026-06-10 12:31:44.

Drastanta, neutral male human Barbarian

                                                      --
        ------ ---                                   -.--
         ....--..                              ---  -...--
         -.......                              |..--.....|   ----
         |.......                              |.........| ---..|
          ......-                              --.......----....|
           .....   --                           --...---- |....-
           .....---.|                           --...|  ---....--
           -...0....       ----               ---....| --...|[..-----
          --......         |..|   ------  -----.....----..--|.......---
          |.....|       ----..|   |....----.....%..---...-----........---
  -     -- -...-        |....-    |.........--..%......---.-----.*..|...--
  |.. ---.--..e-----------..-------......----|-......---|...|  |...----..------
   -..........@@..).).*..).)).[.........--   |........----..|  |..--  --......|
   |.......[.....----------).)........---    -.(............| ---.|    ---....|
   |.............--      --.......[.---     |..........-------->|.|      |...--
   -.....---......|      |..........|       --..........-    |....|      --.--
  |.....   |......|      |..........|        |..|........-   |...--        --
  ----.    |......|      |......|.---        ------.|.|...|  --.--
     --    --<--.--      --.--*----               ------.--   ---
            ------        ------                        --
Drastanta the Bandit       St:18/02 Dx:16 Co:17 In:8 Wi:8 Ch:7  Neutral
Dlvl:6  $:168 HP:0(63) Pw:17(17) AC:5  Xp:6 T:2735  Burdened

Latest messages:
 The rothe bites again!
 The rothe hits!
 The rothe bites!
 The rothe misses!
 You kill the rothe!
 You smite the rothe!
 The rothe hits!
 The rothe bites!
 The rothe bites again!
 You kill the rothe!
 You see here 2 rothe corpses.
 There are 2 rothe corpses here; eat one? [ynq] (n) y
 Blecch!  Rotten food!
 Everything suddenly goes dark.
 You finish eating the rothe corpse.
 You try to feel what is lying here on the floor.
 You can see again.
 You see here a dagger.
 You see here a dwarvish spear.
 You see here a dagger.
 You see here a dwarvish spear.
 There are many objects here.
 You smite the floating eye!
 You are frozen by the floating eye's gaze!
 You can move again.
 You kill the floating eye!
 You see here 4 darts.
 The grid bug strikes at your displaced image and misses you!
 The grid bug misses!
 The grid bug bites!
 You avoid harm.
 You kill the grid bug!
 You smite the floating eye!
 You are frozen by the floating eye's gaze!
 The Woodland-elf wields an elven broadsword!
 The elven broadsword welds itself to the Woodland-elf's hand!
 The Woodland-elf swings her elven broadsword.
 The Woodland-elf hits!
 The Woodland-elf swings her elven broadsword.
 The Woodland-elf hits!
 The Woodland-elf swings her elven broadsword.
 The Woodland-elf hits!
 The Woodland-elf swings her elven broadsword.
 The Woodland-elf hits!
 The Woodland-elf swings her elven broadsword.
 The Woodland-elf hits!
 The Woodland-elf swings her elven broadsword.
 The Woodland-elf hits!
 You die...
 Do you want your possessions identified? [ynq] (y) q

Inventory:
 Coins    ('$')
  $ - 168 gold pieces
 Amulets  ('"')
  i - an uncursed amulet versus poison
 Weapons  (')')
  a - a +0 battle-axe (weapon in hands)
  b - a +0 short sword (alternate weapon; not wielded)
 Armor    ('[')
  w - an uncursed +0 dwarvish iron helm
  q - a cursed -1 pair of gauntlets of fumbling
  m - a blessed +1 cloak of displacement (being worn)
  C - an uncursed +0 dwarvish mithril-coat
  B - an uncursed +0 elven mithril-coat
  c - an uncursed +0 ring mail (being worn)
 Scrolls  ('?')
  E - a blessed scroll of enchant armor
  u - an uncursed scroll of scare monster
  H - a blessed scroll of teleportation
  z - an uncursed scroll of teleportation
  n - a cursed scroll of teleportation
 Spellbooks  ('+')
  k - an uncursed spellbook of confuse monster
 Potions  ('!')
  F - an uncursed potion of full healing
  D - an uncursed potion of object detection
  h - an uncursed potion of water
 Rings    ('=')
  o - a cursed -1 ring of increase accuracy
  t - an uncursed ring of stealth
 Wands    ('/')
  A - a wand of light (0:11)
 Tools    ('(')
  y - an uncursed blindfold
  G - an uncursed figurine of a panther
  x - an uncursed tallow candle
  g - an uncursed tin whistle
  p - a cursed wax candle

Drastanta the Barbarian's attributes:

Background:
 You were a Bandit, a level 6 male human Barbarian.
 You were neutral, on a mission for Crom
 who was opposed by Mitra (lawful) and Set (chaotic).
 You were right-handed.
 You were in the Gnomish Mines, on level 6.
 You entered the dungeon 2735 turns ago.
 You had 455 experience points, 185 more were needed to attain level 7.

Basics:
 You had 0 out of 63 hit points.
 You had all 17 energy points (spell power).
 Your armor class was 5.
 Your wallet contained 168 zorkmids.
 Autopickup was on for '$' plus thrown.

Final Characteristics:
 Your strength was 18/02 (limit:18/100).
 Your dexterity was 16 (limit:18).
 Your constitution was 17 (limit:18).
 Your intelligence was 8 (limit:18).
 Your wisdom was 8 (limit:18).
 Your charisma was 7 (limit:18).

Final Status:
 You weren't hungry.
 You were burdened; movement was slightly slowed.
 You were wielding an axe.
 You had basic skill with axe and could have enhanced that.

Final Attributes:
 You were piously aligned.
 You were poison resistant.
 You were displaced.
 You were warded.
 You are dead.

Miscellaneous:
 You didn't encounter any bones levels.
 Total elapsed playing time was 19 minutes and 54 seconds.

Major events:
 Turn
    1: Drastanta the neutral male human Barbarian entered the dungeon
 1053: attained the rank of Pillager (level 3)
 1617: entered the Gnomish Mines
 2045: attained the rank of Bandit (level 6)
 2254: reached Mine Town
 2735: killed by a Woodland-elf, while frozen by a floating eye's gaze

You didn't know any spells.

Skills:
 Fighting Skills
   bare handed combat [Basic]
   two weapon combat  [Unskilled]
   riding             [Unskilled]
 Weapon Skills
   dagger             [Unskilled]
   axe                [Basic]
   pick-axe           [Unskilled]
   short sword        [Basic]
   broadsword         [Unskilled]
   long sword         [Unskilled]
   two-handed sword   [Unskilled]
   saber              [Unskilled]
   club               [Unskilled]
   mace               [Unskilled]
   morning star       [Unskilled]
   flail              [Unskilled]
   hammer             [Unskilled]
   quarterstaff       [Unskilled]
   spear              [Unskilled]
   trident            [Unskilled]
   bow                [Unskilled]
 Spellcasting Skills
   attack spells      [Unskilled]
   escape spells      [Unskilled]

Voluntary challenges:
 Character rerolling was not enabled.
 You never genocided any monsters.
 You never polymorphed an object.
 You never changed form.
 You used no wishes.
Achievements:
 You entered a shop.
 You attained the rank of Pillager.
 You entered the Gnomish Mines.
 You attained the rank of Bandit.
 You entered Minetown.

 The Dungeons of Doom: levels 1 to 4
    Level 1:
    Level 2:
       A general store.
    Level 3:
       A fountain.
    Level 4:
       An altar to Crom, a fountain.
       Stairs down to The Gnomish Mines.
 The Gnomish Mines: levels 5 to 7
    Level 5:
    Level 6: <- You were here.
       Final resting place for
          you, killed by a Woodland-elf, while frozen by a floating eye's gaze.
    Level 7:
       An altar, a fountain.


Vanquished creatures:
  a gold golem
  a human zombie
  4 gnome leaders
  a gnomish wizard
  a little dog
  a floating eye
  5 dwarves
  a homunculus
  4 rothes
  a giant bat
 an orc zombie
  a dwarf zombie
  a werejackal
 an iguana
 an acid blob
  2 hobbits
  2 hobgoblins
  3 giant rats
  a cave spider
  a yellow mold
 18 gnomes
  a gnome zombie
  6 jackals
  a fox
  a kobold
  4 goblins
  5 grid bugs
  3 lichens
  5 newts
78 creatures vanquished.

No species were genocided or became extinct.

Game over:
                       ----------
                      /          \
                     /    REST    \
                    /      IN      \
                   /     PEACE      \
                  /                  \
                  |    Drastanta     |
                  |      168 Au      |
                  |   killed by a    |
                  |   Woodland-elf   |
                  |                  |
                  |                  |
                  |       2026       |
                 *|     *  *  *      | *
        _________)/\\_//(\/(/\)/\//\/|_)_______

Goodbye Drastanta the Barbarian...

You died in The Gnomish Mines on dungeon level 6 with 2292 points,
and 168 pieces of gold, after 2735 moves.
You were level 6 with a maximum of 63 hit points when you died.

